 Dungeon Crawl Stone Soup version 0.30-a0-414-gcb316572d5 (webtiles) character file.

Game seed: 4980356007143735377

41077 pokeman the Eclecticist (level 13, -3/74 HPs)
             Began as a Deep Elf Hedge Wizard on Dec 8, 2022.
             Was a High Priest of Vehumet.
             Slain by a dream sheep (19 damage)
             ... on level 3 of the Lair of Beasts.
             The game lasted 00:50:46 (20998 turns).

pokeman the Eclecticist (Deep Elf Hedge Wizard)    Turns: 20998, Time: 00:50:47

Health: -3/74      AC: 13    Str:  7    XL:     13   Next: 78%
Magic:  5/38       EV:  2    Int: 31    God:    Vehumet [*****.]
Gold:   1132       SH:  0    Dex: 14    Spells: 22/51 levels left

rFire   . . .      SeeInvis .    r - +2 whip (elec)
rCold   . . .      Faith    .    (no shield)
rNeg    . . .      Spirit   .    O - +0 steam dragon scales
rPois   .          Reflect  +    c - +0 hat
rElec   .          Harm     .    V - +0 cloak
rCorr   .          Rampage  .    w - +0 pair of gloves
Will    +....                    (no boots)
Stlth   ++........               x - amulet of reflection
HPRegen 0.32/turn                E - +4 ring of protection
MPRegen 0.26/turn                T - +6 ring of intelligence

@: lethally poisoned (-3 -> -8), about to teleport, sleeping
A: no striking features
a: Renounce Religion


You were on level 3 of the Lair of Beasts.
You worshipped Vehumet.
Vehumet was extremely pleased with you.
You visited 4 branches of the dungeon, and saw 18 of its levels.
You also visited: Ice Cave.

You collected 1132 gold pieces.

Inventory:

Hand Weapons
 r - a +2 whip of electrocution (weapon)
Missiles
 t - a throwing net
 X - 4 curare-tipped darts
Armour
 a - a +2 robe of cold resistance
 c - a +0 hat (worn)
 s - a +2 robe of fire resistance
 w - a +0 pair of gloves (worn)
 O - +0 steam dragon scales (worn)
 V - a +0 cloak (worn)
Magical Staves
 n - a staff of cold
Jewellery
 b - a ring of ice
 e - a ring of protection from cold
 x - an amulet of reflection (around neck)
 E - a +4 ring of protection (left hand)
 K - a ring of resist corrosion
 T - a +6 ring of intelligence (right hand)
Wands
 R - a wand of quicksilver (13)
Scrolls
 k - a scroll of vulnerability
 l - 7 scrolls of teleportation
 m - 2 scrolls of blinking
 J - 3 scrolls of poison
 L - 3 scrolls of torment
 M - a scroll of summoning {unknown}
 P - a scroll of amnesia {unknown}
 Q - 2 scrolls of enchant weapon {unknown}
Potions
 d - 2 potions of magic
 f - 5 potions of flight {unknown}
 g - 2 potions of degeneration {unknown}
 h - 11 potions of curing
 i - 6 potions of haste
 j - 3 potions of mutation {unknown}
 o - 3 potions of resistance {unknown}
 p - 2 potions of berserk rage {unknown}
 q - 4 potions of lignification {unknown}
 u - 3 potions of invisibility {unknown}
 B - 4 potions of brilliance {unknown}
 G - 4 potions of heal wounds {unknown}
 S - 2 potions of might {unknown}
 W - 2 potions of ambrosia {unknown}


   Skills:
 - Level 6.0 Fighting
 + Level 6.5 Armour
 - Level 3.0 Dodging
 - Level 3.0 Stealth
 * Level 19.6 Spellcasting
 + Level 11.9 Conjurations
 - Level 1.1 Summonings
 - Level 1.1 Translocations
 + Level 11.4 Fire Magic
 - Level 1.3 Ice Magic
 - Level 1.0 Air Magic
 - Level 2.0 Earth Magic
 - Level 1.1 Poison Magic
 - Level 2.2 Evocations


You had 22 spell levels left.
You knew the following spells:

 Your Spells              Type           Power      Damage    Failure   Level
a - Magic Dart            Conj           100%       1d8       0%          1
b - Mephitic Cloud        Conj/Pois/Air  56%        N/A       1%          3
c - Call Imp              Summ           37%        N/A       1%          2
d - Blink                 Tloc           74%        N/A       1%          2
e - Foxfire               Conj/Fire      100%       2x1d9     0%          1
f - Fireball              Conj/Fire      40%        3d16      1%          5
g - Orb of Destruction    Conj           40%        9d11      2%          7
h - Stone Arrow           Conj/Erth      100%       3d13      1%          3
i - Freezing Cloud        Conj/Ice/Air   28%        6-21      1%          5

Your spell library contained the following spells:

 Spells                   Type           Power      Damage    Failure   Level
 Apportation              Tloc           74%        N/A       1%          1
 Freeze                   Ice            100%       1d10      1%          1
 Necrotise                Necr           100%       1d9       1%          1
 Slow                     Hex            100%       N/A       1%          1
 Summon Small Mammal      Summ           100%       N/A       1%          1
 Cigotuvi's Dreadful Rot  Necr/Pois/Air  68%        N/A       1%          2
 Sublimation of Blood     Necr           30%        N/A       1%          2
 Hailstorm                Conj/Ice       64%        3d14      1%          3
 Irradiate                Conj/Tmut      30%        3d21      1%          5
 Starburst                Conj/Fire      40%        6d11      1%          6
 Ozocubu's Armour         Ice            38%        N/A       2%          3
 Summon Guardian Golem    Hex/Summ       33%        N/A       3%          3
 Tukima's Dance           Hex            30%        N/A       3%          3
 Passage of Golubria      Tloc           37%        N/A       8%          4
 Petrify                  Tmut/Erth      36%        N/A       8%          4
 Yara's Violent Unravell  Hex/Tmut       15%        3d8       10%         5
 Dispel Undead            Necr           30%        3d14      12%         4
 Spellforged Servitor     Conj/Summ      31%        N/A       17%         7
 Ozocubu's Refrigeration  Ice            19%        4d11      80%         7
 Simulacrum               Ice/Necr       17%        N/A       82%         6
 Death Channel            Necr           15%        N/A       88%         6
 Borgnjor's Revivificati  Necr           15%        N/A       100%        8
 Necromutation            Tmut/Necr      15%        N/A       100%        8
 Death's Door             Necr           15%        N/A       100%        9
 Polar Vortex             Ice            19%        N/A       100%        9


Dungeon Overview and Level Annotations

Branches:
Dungeon (13/15)            Temple (1/1) D:5            Lair (3/5) D:11
  Snake (1/4) Lair:2          Orc (0/2) D:10          IceCv (visited)
  Swamp: Lair:2-3    Shoals: Lair:2-3    Vaults: D:13-14

Altars:
Ashenzari
Cheibriados
Dithmenos
Elyvilon
Fedhas
Gozag
Hepliaklqana
Kikubaaqudgha
Makhleb
Nemelex Xobeh
Okawaru
Qazlal
Ru
Sif Muna
Trog
Uskayaw
Vehumet
Wu Jian
Xom
Yredelemnul
Zin
The Shining One

Annotations:
D:6 2 transporters
Lair:3 3 runed translucent doors


Message History

The fireball explodes!
The fireball engulfs the eight-headed hydra!!
You kill the eight-headed hydra!
Vehumet accepts your kill.
You feel your power returning.
You hear a bleat!
Unknown command.
A cane toad comes into view.
The cane toad gives a loud, deep croak!
The dream sheep shake their wool and sparkle.
You feel drowsy...
You fall asleep.
A dream sheep comes into view.
The dream sheep bites you but does no damage.
The dream sheep bites you but does no damage.
The cane toad stings you.
You wake up.
You are poisoned.
The cane toad poisons you! You block the dream sheep's attack.
The cane toad barely misses you.
Unknown command.
Casting: Fireball (safe; 1% risk of failure)
Confirm with . or Enter, or press ? or * to list all spells.
You blink.
You feel very sick.
Unknown command.
As you read the scroll of teleportation, it crumbles to dust.
You feel strangely unstable.
You feel stable enough to blink again.
You feel very sick.
Unknown command.
Unknown command.
Casting: Blink (safe; 1% risk of failure)
Confirm with . or Enter, or press ? or * to list all spells.
You don't have enough magic to cast this spell.
You feel very sick.
Unknown command.
You feel very sick.
The dream sheep shake their wool and sparkle.
You feel drowsy...
You fall asleep.
You feel sick. The dream sheep bites you!!
You die...

#...(.........≈~≈...#
##..♣..........≈≈≈♣.#
#..♣...........≈≈...
##................##
#...♣.......♣...##
#.#..†YY.!.♣...##
#####..FY..##.##
##..Y### ## ####@#
###


You could see a cane toad and 4 dream sheep.

Vanquished Creatures
  Fannar (Lair:3)
  3 boulder beetles
  2 hydras
  Erica (Lair:2)
  A two-headed ogre (D:8)
  3 death yaks
  Sonja (Lair:2)
  Pikel (D:4)
  A naga ritualist (Lair:2)
  3 elephants (Lair:3)
  2 ugly things (IceCv)
  A manticore (D:13)
  2 cyclopes
  3 black mambas
  A torpor snail (Lair:3)
  A gargoyle (D:11)
  3 ice statues (IceCv)
  7 komodo dragons
  4 cane toads
  An unseen horror (D:11)
  An anaconda simulacrum (IceCv)
  3 rime drakes
  A tyrant leech (Lair:3)
  9 trolls
  5 blink frogs (Lair:1)
  17 slime creatures
  2 dream sheep (Lair:3)
  2 shadows
  A ynoxinul (D:9)
  24 yaks
  2 vampires
  6 wyverns
  A basilisk (Lair:3)
  A warg (Lair:1)
  3 steam dragons
  15 vampire mosquitoes
  A harpy simulacrum (IceCv)
  A swamp worm (Lair:3)
  6 water moccasins
  A sky beast (D:7)
  2 black bears
  3 orc warriors
  4 ice beasts
  2 ogres (D:5)
  36 wolves
  A phantom (D:6)
  4 centaurs
  4 lemures (D:4)
  2 kobold brigands
  13 bullfrogs
  A gnoll sergeant (D:5)
  2 necrophages (D:6)
  A cane toad simulacrum (IceCv)
  5 scorpions
  19 wights (D:8)
  An elephant simulacrum (IceCv)
  6 killer bees
  4 howler monkeys
  2 hounds
  8 jellies
  2 orc priests
  3 iguanas
  Jessica (D:3)
  Terence (D:3)
  8 orc wizards
  7 hell rats
  A polar bear simulacrum (IceCv)
  A wolf simulacrum (IceCv)
  5 gnolls (D:5)
  2 adders
  2 river rats (D:11)
  2 shadow imps
  A white imp (D:7)
  An ufetubus (D:7)
  2 worms
  3 dart slugs
  26 orcs
  7 ball pythons
  7 bats
  19 endoplasms
  A giant cockroach (D:4)
  4 goblins
  6 hobgoblins
  7 quokkas
  3 frilled lizards
  8 kobolds
  6 rats
400 creatures vanquished.

Vanquished Creatures (collateral kills)
  2 jellies (D:10)
  An orc (D:3)
3 creatures vanquished.

Vanquished Creatures (others)
  717 foxfires
  15 fungi
  40 plants
772 creatures vanquished.

Grand Total: 1175 creatures vanquished

Notes
Turn   | Place    | Note
-------+----------+-------------------------------------------
     0 | D:1      | pokeman the Deep Elf Hedge Wizard began the quest for the
                  | Orb.
     0 | D:1      | Reached XP level 1. HP: 10/10 MP: 7/7
   295 | D:1      | Reached XP level 2. HP: 15/15 MP: 7/9
   956 | D:1      | Reached skill level 5 in Spellcasting
  1365 | D:2      | Reached XP level 3. HP: 20/20 MP: 9/11
  1369 | D:2      | Learned a level 3 spell: Mephitic Cloud
  1372 | D:2      | Learned a level 2 spell: Call Imp
  1375 | D:2      | Learned a level 2 spell: Blink
  1515 | D:2      | Found a hide-covered altar of Uskayaw.
  1529 | D:2      | You fall into a shaft and drop 1 floor!
  1795 | D:3      | Learned a level 1 spell: Foxfire
  1809 | D:3      | Reached skill level 1 in Armour
  1945 | D:3      | Reached skill level 1 in Fighting
  1945 | D:3      | Reached XP level 4. HP: 24/25 MP: 4/13
  2306 | D:3      | Noticed Terence
  2334 | D:3      | Killed Terence
  2415 | D:3      | Found a glowing silver altar of Zin.
  2415 | D:3      | Noticed an angel
  2421 | D:3      | Noticed Jessica
  2424 | D:3      | Killed Jessica
  2425 | D:3      | Reached skill level 6 in Spellcasting
  2425 | D:3      | Reached XP level 5. HP: 29/29 MP: 10/15
  2592 | D:4      | Reached skill level 1 in Poison Magic
  2614 | D:4      | Reached skill level 1 in Air Magic
  2867 | D:4      | Reached XP level 6. HP: 34/34 MP: 11/17
  3213 | D:4      | Noticed an ice beast
  3224 | D:4      | Killed an ice beast
  3225 | D:4      | Reached skill level 7 in Spellcasting
  3225 | D:4      | Reached skill level 1 in Fire Magic
  3225 | D:4      | Reached skill level 1 in Ice Magic
  3674 | D:4      | Noticed Pikel
  4146 | D:4      | Killed Pikel
  4147 | D:4      | Reached skill level 8 in Spellcasting
  4147 | D:4      | Reached XP level 7. HP: 18/40 MP: 4/20
  4274 | D:5      | Entered Level 5 of the Dungeon
  4361 | D:5      | Noticed a troll
  4369 | D:5      | Killed a troll
  4370 | D:5      | Reached skill level 9 in Spellcasting
  4370 | D:5      | Reached XP level 8. HP: 44/44 MP: 15/23
  4643 | D:5      | Found a staircase to the Ecumenical Temple.
  4649 | Temple   | Entered the Ecumenical Temple
  4649 | Temple   | Found a transporter.
  4649 | Temple   | Found a transporter.
  4651 | Temple   | Found a transporter.
  4651 | Temple   | Found a transporter.
  4663 | Temple   | Became a worshipper of Vehumet
  4798 | D:5      | Reached skill level 5 in Conjurations
  4879 | D:5      | Found an opulent altar of Gozag.
  5373 | D:6      | Reached skill level 10 in Spellcasting
  5641 | D:6      | Reached XP level 9. HP: 48/48 MP: 18/25
  5727 | D:6      | Found a transporter.
  5748 | D:6      | Reached * piety under Vehumet
  5748 | D:6      | Offered knowledge of Shock by Vehumet.
  5766 | D:6      | Found a transporter.
  5773 | D:6      | Noticed a hellwing
  5794 | D:6      | Learned a level 5 spell: Fireball
  5802 | D:6      | Learned a level 7 spell: Orb of Destruction
  5808 | D:6      | Noticed a white ugly thing
  6158 | D:6      | Reached skill level 11 in Spellcasting
  6158 | D:6      | Reached skill level 5 in Fire Magic
  6224 | D:7      | Found a broken altar of Ashenzari.
  6274 | D:7      | Found a sacrificial altar of Ru.
  6751 | D:7      | Found a shimmering blue altar of Sif Muna.
  7293 | D:8      | Reached skill level 12 in Spellcasting
  7734 | D:8      | Reached ** piety under Vehumet
  7734 | D:8      | Offered knowledge of Poisonous Vapours by Vehumet.
  7781 | D:8      | Reached XP level 10. HP: 48/56 MP: 25/28
  8230 | D:8      | Offered knowledge of Stone Arrow by Vehumet.
  8235 | D:8      | Learned a level 3 spell: Stone Arrow
  8467 | D:8      | Found a hazy altar of Hepliaklqana.
  8558 | D:8      | Noticed a two-headed ogre
  8579 | D:8      | Killed a two-headed ogre
  8580 | D:8      | Reached skill level 13 in Spellcasting
  8580 | D:8      | Reached skill level 1 in Earth Magic
  9129 | D:9      | Found a bloodstained altar of Trog.
  9177 | D:9      | Found a shimmering blue altar of Sif Muna.
  9181 | D:9      | Got Sif Muna's Tome of Hypothermia
  9247 | D:9      | Reached *** piety under Vehumet
  9308 | D:9      | Noticed a boulder beetle
  9324 | D:9      | Killed a boulder beetle
  9646 | D:9      | Reached skill level 14 in Spellcasting
  9726 | D:9      | Found a snail-covered altar of Cheibriados.
  9727 | D:9      | Found a shadowy altar of Dithmenos.
  9731 | D:9      | Found a white marble altar of Elyvilon.
  9731 | D:9      | Found an ancient bone altar of Kikubaaqudgha.
  9940 | D:10     | Entered Level 10 of the Dungeon
 10070 | D:10     | Offered knowledge of Sticky Flame by Vehumet.
 10071 | D:10     | Reached XP level 11. HP: 61/61 MP: 9/31
 10397 | D:10     | Found a stormy altar of Qazlal.
 10782 | D:10     | Reached **** piety under Vehumet
 11005 | D:10     | Found a burning altar of Makhleb.
 11099 | D:10     | Found a staircase to the Orcish Mines.
 11345 | D:11     | Noticed a death yak
 11345 | D:11     | Found a staircase to the Lair.
 11347 | D:11     | Noticed a death yak
 11348 | D:11     | Noticed a death yak
 11354 | D:10     | Killed a death yak
 11506 | D:11     | Reached skill level 15 in Spellcasting
 11660 | D:11     | Offered knowledge of Lightning Bolt by Vehumet.
 11763 | D:11     | Killed a death yak
 11856 | D:11     | Killed a death yak
 11857 | D:11     | Reached skill level 5 in Armour
 12785 | D:12     | Noticed a boulder beetle
 13061 | D:12     | Found a radiant altar of Vehumet.
 13211 | D:12     | Reached skill level 16 in Spellcasting
 13702 | D:12     | HP: 3/62 [boulder beetle (8)]
 14071 | D:12     | Reached XP level 12. HP: 67/67 MP: 5/34
 14816 | D:12     | Killed a boulder beetle
 14964 | D:13     | Noticed a boulder beetle
 15127 | D:13     | Reached skill level 5 in Fighting
 15834 | D:12     | Killed a boulder beetle
 15835 | D:12     | Reached skill level 10 in Conjurations
 16114 | D:13     | Reached skill level 17 in Spellcasting
 16315 | D:13     | Noticed a centaur warrior
 16325 | D:13     | Noticed a boulder beetle
 16329 | D:13     | Noticed a seven-headed hydra
 16334 | D:13     | Noticed an eight-headed hydra
 16506 | D:13     | Noticed a vault guard
 16658 | Lair:1   | Entered Level 1 of the Lair of Beasts
 16962 | Lair:1   | Reached ***** piety under Vehumet
 16962 | Lair:1   | Offered knowledge of Freezing Cloud by Vehumet.
 16969 | Lair:1   | Learned a level 5 spell: Freezing Cloud
 17091 | Lair:1   | Reached skill level 10 in Fire Magic
 17420 | Lair:1   | You fall into a shaft and drop 1 floor!
 18014 | Lair:2   | Found a staircase to the Snake Pit.
 18024 | Lair:1   | Reached skill level 18 in Spellcasting
 18322 | Lair:2   | Noticed a six-headed hydra
 18325 | Lair:2   | Killed a six-headed hydra
 18326 | Lair:2   | Reached XP level 13. HP: 74/74 MP: 23/37
 18953 | Lair:2   | Noticed Erica
 18961 | Lair:2   | Killed Erica
 19276 | Lair:2   | Noticed Sonja
 19278 | Lair:2   | Killed Sonja
 19821 | Snake:1  | Entered Level 1 of the Snake Pit
 20037 | Lair:3   | Noticed Fannar
 20041 | Lair:3   | Killed Fannar
 20206 | Lair:3   | Found a frozen archway.
 20215 | IceCv    | Entered an ice cave
 20517 | IceCv    | Reached skill level 19 in Spellcasting
 20799 | Lair:3   | Found a runed translucent gate.
 20806 | Lair:3   | Found a runed translucent gate.
 20806 | Lair:3   | Found a runed translucent gate.
 20998 | Lair:3   | Slain by a dream sheep

Illustrated notes

Levels and vault maps discovered:
D:1:      ncdulo_lavacross, layout_loops_corners
D:2:      layout_basic, dilly_ecumenical_altar_fadedgnrine, basic_altar,
          chequers_serial_rivers_small_3, serial_bayou_lake_a
D:3:      layout_basic, zin_angel, uniq_jessica, uniq_terence
D:4:      layout_basic, serial_co_window_serial, co_window_paths_a,
          co_window_paths_b, co_window_paths_b, co_window_paths_b,
          co_window_corner_a, co_window_broadway_b, co_window_paths_c,
          co_window_paths_c, glass_columns_b, glass_columns_a, glass_columns_c,
          uniq_pikel
D:5:      layout_loops_cross, lemuel_round_altar, minmay_temple_entry_hall,
          kennysheep_generic_room_8
D:6:      layout_rooms, gammafunk_ghost_abyssal_escape, item_on_display_b
D:7:      layout_basic, cheibrodos_ashenzari_chains,
          mainiacjoe_overflow_alcove_1, minmay_ruined_shrine
D:8:      layout_loops_corners, nzn_hepliaklqana_mist_gate, minmay_holes,
          minmay_puff
D:9:      layout_roguey, nzn_overflow_gifts_of_might_and_magic,
          grunt_temple_overflow_open, nzn_sisyphean_effort
D:10:     lemuel_slime, layout_long_grid, nicolae_qazlal_scattered_showers,
          nicolae_overflow_crystal_walls, orc_0_dummy
D:11:     layout_roguey, dpeg_lair_monsters
D:12:     layout_long_grid, nicolae_vehumet_altar_sigil
D:13:     layout_loops_ring, lightli_vaults_fourway_checkpoint,
          nrook_mini_vaults, uniq_lodul
Temple:   hellmonk_temple_divided_pantheon
Lair:1:   beast_lair_carwin_large_2, layout_gridlike, grunt_megastairs_4
Lair:2:   layout_small_grid, dummy_snake_entry, uniq_sonja, uniq_erica
Lair:3:   layout_loops_ring, palyth_hydra_swamp_entry,
          portal_ice_cave_entry_pillars_2, gammafunk_ghost_ooze,
          gauntlet_entry_generic, grunt_forest_large_clearings,
          grunt_megastairs_1, uniq_fannar
Snake:1:  layout_cave_shapes, nicolae_snake_gridmaze_entwining,
          nicolae_coiled_stairwell_down

Skill      XL: |  1  2  3  4  5  6  7  8  9 10 11 12 13 |
---------------+----------------------------------------+-----
Spellcasting   | 5 6 8 9 10 12 14 16 18 19 | 19.6
Armour         | 1 2 3 4 5 6 |  6.5
Fighting       | 1 2 3 4 6 |  6.0
Conjurations   | 2 3 4 5 6 8 9 10 11 | 11.9
Dodging        | 3 |  3.0
Stealth        | 3 |  3.0
Poison Magic   | 1 |  1.1
Air Magic      | 1 |  1.0
Fire Magic     | 2 3 4 6 7 9 10 11 | 11.4
Ice Magic      | 1 |  1.3
Evocations     | 2 |  2.2
Earth Magic    | 2 |  2.0
Summonings     | |  1.1
Translocations | |  1.1

Action                   |  1- 3 |  4- 6 |  7- 9 | 10-12 | 13-15 || total
-------------------------+-------+-------+-------+-------+-------++-------
Melee: Dagger            |    12 |    68 |       |       |       ||    80
       Punch             |       |     5 |       |     3 |       ||     8
       Whip              |       |       |    49 |    56 |    26 ||   131
 Cast: Magic Dart        |    83 |     5 |     2 |       |     1 ||    91
       Foxfire           |     5 |    76 |   208 |   120 |       ||   409
       Mephitic Cloud    |     1 |    11 |     6 |    32 |     8 ||    58
       Call Imp          |     1 |    16 |       |     8 |       ||    25
       Blink             |       |     2 |       |    16 |     3 ||    21
       Fireball          |       |       |       |   258 |    94 ||   352
       Orb of Destructio |       |       |       |     3 |       ||     3
       Freezing Cloud    |       |       |       |       |     2 ||     2
Evoke: Wand              |       |       |       |     6 |       ||     6
  Use: Potion            |       |       |       |     1 |       ||     1
       Scroll            |       |       |       |     8 |     4 ||    12
 Stab: Confused          |       |     6 |     4 |     3 |     2 ||    15
Armor: Robe              |     7 |       |    18 |     4 |       ||    29
       Leather armour    |     1 |     9 |       |       |       ||    10
       Steam dragon scal |       |       |       |    25 |    16 ||    41
Dodge: Dodged            |    25 |    26 |    44 |    75 |    43 ||   213
Block: Other             |       |       |    15 |    25 |    13 ||    53
       Reflection        |       |       |       |     1 |       ||     1

Table legend: (Time is in decaauts)
 A = Elapsed time spent in this place.
 B = Non-inter-level travel time spent in this place.
 C = Inter-level travel time spent in this place.
 D = Time resting spent in this place.
 E = Time spent auto-exploring this place.
 F = Levels seen in this place.
 G = Mean time per level.
                   A        B        C        D        E       F      G
               +--------+--------+--------+--------+--------+-----+--------+
         Total |  21016 |  19852 |   1164 |   2739 |  13374 |  19 | 1106.1 |
       Dungeon |  16991 |  16013 |    978 |   2101 |  10958 |  13 | 1307.0 |
        Temple |     59 |     45 |     14 |      0 |      1 |   1 |   59.0 |
          Lair |   3486 |   3315 |    171 |    405 |   2272 |   3 | 1162.0 |
     Snake Pit |      2 |      2 |      0 |      0 |      0 |   1 |    2.0 |
      Ice Cave |    477 |    477 |      0 |    233 |    143 |   1 |  477.0 |
               +--------+--------+--------+--------+--------+-----+--------+

Top non-repeatable levels by time:
    D:12: 2765 daAuts
    D:11: 1824 daAuts
     D:8: 1797 daAuts
    D:10: 1611 daAuts
     D:4: 1583 daAuts
  Lair:2: 1514 daAuts
  Lair:1: 1473 daAuts
     D:1: 1309 daAuts
     D:3: 1171 daAuts
     D:9: 1164 daAuts
     D:5: 1034 daAuts
     D:6: 900 daAuts
     D:7: 879 daAuts
    D:13: 730 daAuts
  Lair:3: 497 daAuts
